Map: Jagannatha LE

Players

A.I. 1 (Very Easy)

  • Race: Protoss Protoss
  • Spawn Location: 7:00

RespeCT - Winner!

  • Race: Protoss Protoss
  • Spawn Location: 1:00

VOD

Have the link to the VOD?

Description

Time

  • Played on: Dec. 28, 2020, 3:30 p.m.
  • Length: 9:28
Show
View Real Time Build Order
Export as new Build Order

A.I. 1 (Very Easy) Protoss 

Build Orders:  

Get SALT Encoding   

  12  0:00  Probe  
  13  0:13  Probe  
  14  0:21  Pylon  
  14  0:37  Assimilator  
  14  0:43  Gateway  
  14  0:46  Pylon  
  14  1:16  Probe  
  14  1:24  Probe  
  15  1:32  Probe, Cybernetics Core  
  17  1:42  Probe  
  18  1:54  Probe  
  18  1:58  Warp Gate  
  19  2:03  Probe  
  20  2:09  Stalker  
  22  4:46  Probe  
  22  4:50  Zealot  
  22  4:52  Assimilator  
  25  4:54  Robotics Facility, Probe  
  25  4:57  Pylon  
  26  5:04  Probe  
  27  5:13  Probe  
  27  5:21  Probe  
  27  5:30  Probe  
  28  5:44  Observer, Stalker  
  31  6:06  Observer  
  32  6:19  Nexus  
  32  7:30  Probe  
  33  7:37  Probe  
  33  7:42  Probe, Assimilator  
  34  7:46  Assimilator  
  34  7:50  Probe  
  36  7:59  Zealot  
  36  8:01  Probe  
  35  8:08  Probe  
  36  8:15  Probe  
  35  8:20  Probe  
  36  8:27  Probe  
  36  8:31  Pylon  
  37  8:40  Probe  
  26  8:50  Probe  
  20  9:02  Probe  
  20  9:06  Pylon  
  13  9:15  Robotics Facility  
Show
View Real Time Build Order
Export as new Build Order

RespeCT Protoss - Winner!

Build Orders: 1 Gate Expand, Colossus Rush 

Get SALT Encoding   

  12  0:00  Probe  
  13  0:12  Probe  
  14  0:22  Pylon  
  14  0:24  Probe  
  15  0:40  Probe (Chrono Boost)  
  15  0:41  Gateway  
  16  0:48  Assimilator  
  16  0:49  Probe (Chrono Boost)  
  17  0:54  Probe  
  18  1:06  Probe  
  19  1:18  Probe  
  20  1:29  Cybernetics Core  
  20  1:40  Nexus  
  20  1:45  Pylon  
  20  1:47  Probe  
  20  1:52  Assimilator  
  21  2:02  Adept (Chrono Boost), Probe  
  21  2:06  Warp Gate  
  24  2:14  Probe  
  25  2:25  Adept (Chrono Boost)  
  25  2:26  Probe  
  28  2:30  Robotics Facility  
  28  2:38  Probe  
  29  2:49  Stalker (Chrono Boost)  
  31  2:54  Probe (Chrono Boost)  
  31  2:55  Probe (Chrono Boost)  
  33  3:01  Pylon  
  34  3:08  Probe (Chrono Boost)  
  34  3:09  Probe (Chrono Boost)  
  35  3:15  Gateway  
  35  3:16  Probe  
  36  3:22  Gateway  
  36  3:23  Probe  
  36  3:25  Observer (Chrono Boost)  
  38  3:33  Probe  
  39  3:35  Probe  
  39  3:38  Observer (Chrono Boost)  
  41  3:45  Probe  
  41  3:47  Probe  
  43  3:57  Probe  
  43  4:00  Probe  
  45  4:04  Observer  
  45  4:08  Nexus  
  46  4:10  Probe, Pylon  
  46  4:12  Probe  
  48  4:18  Robotics Bay  
  48  4:20  Stalker  
  48  4:21  Stalker  
  52  4:24  Probe  
  52  4:26  Probe  
  54  4:33  Assimilator  
  54  4:35  Assimilator  
  54  4:37  Pylon  
  54  4:42  Shield Battery  
  54  4:43  Probe  
  55  4:46  Forge  
  55  4:48  Twilight Council  
  55  4:54  Probe  
  55  4:56  Probe  
  57  5:02  Colossus (Chrono Boost)  
  57  5:06  Probe  
  64  5:10  Probe  
  64  5:13  Protoss Ground Weapons Level 1 (Chrono Boost)  
  65  5:15  Charge  
  65  5:18  Probe  
  66  5:27  Probe x2  
  68  5:30  Pylon  
  68  5:33  Gateway  
  68  5:37  Gateway  
  68  5:38  Extended Thermal Lance (Chrono Boost), Gateway  
  68  5:39  Pylon  
  68  5:52  Colossus (Chrono Boost)  
  74  5:58  Probe x3  
  77  6:10  Probe x2  
  79  6:13  Probe  
  79  6:22  Probe x2  
  82  6:25  Probe  
  82  6:28  Colossus (Chrono Boost)  
  88  6:33  Gateway  
  88  6:34  Probe x2  
  88  6:35  Gateway  
  90  6:41  Probe  
  90  6:43  Zealot  
  90  6:44  Sentry x2  
  90  6:46  Probe  
  98  6:49  Pylon  
  98  6:51  Assimilator  
  98  6:53  Pylon  
  98  6:55  Pylon x2  
  98  6:57  Probe x2  
  100  7:04  Gravitic Drive  
  100  7:05  Blink  
  100  7:13  Probe x2, Warp Prism  
  104  7:18  Assimilator  
  104  7:20  Zealot x3  
  104  7:21  Zealot x2  
  114  7:32  Probe  
  115  7:39  Zealot x2  
  115  7:40  Zealot  
  122  7:44  Probe x2  
  122  7:50  Nexus  
  123  7:53  Shield Battery, Photon Cannon  
  123  8:04  Gravitic Boosters  
  123  8:06  Immortal  
  123  8:08  Probe  
  123  8:12  Templar Archives  
  128  8:16  Pylon  
  128  8:17  Pylon  
  128  8:33  Zealot x2  
  128  8:34  Zealot x5  
  134  8:35  Zealot  
  144  8:58  Stalker x2  
  144  9:00  Probe  
  149  9:04  Pylon  
  149  9:05  Pylon  
  149  9:06  Pylon x2  
  149  9:09  Pylon  
  149  9:15  Probe  
  150  9:19  Stalker x2  
  150  9:20  Stalker x4  
Tags
 
Matchup
PvP
Spawn Locations
Cross Positions
Add a new tag
Caveats
  • Supply blocks, unpowered buildings, or Contaminate may cause inaccurate times.
  • Supply counts are checked every 10 seconds.